NYP
SPOKANE INDIANS @ EVERETT AQUASOX
07/14/2045
 
TOP OF THE 1ST
Spokane Indians batting - Pitching for Everett AquaSox : LHP Aidan Smith
Pitching: LHP Aidan Smith
Batting: RHB Brandon Davis 0-0: Ball
1-0: Foul Ball, location: 2F
1-1: Ball
2-1: Hit by Pitch
Batting: RHB Lupe Covarrubias 0-0: Foul Ball, location: 2F
0-1: Ball
1-1: Called Strike
1-2: Ball
2-2: Ball
3-2: Base on Balls
Brandon Davis to second
Batting: RHB Jesse White 0-0: Ball
1-0: Ball
2-0: Ball
3-0: Called Strike
3-1: Foul Ball, location: 2F
3-2: Foul Ball, location: 2F
3-2: SINGLE (Groundball, 4S, EV 66.2 MPH) (infield hit)
Brandon Davis to third
Lupe Covarrubias to second
Batting: RHB Justin Aslinger 0-0: Ball
1-0: Ball
2-0: Foul Ball, location: 2F
2-1: Swinging Strike
2-2: Strikes out swinging
Batting: RHB Matt Strong 0-0: Swinging Strike
0-1: Foul Ball, location: 2F
0-2: Strikes out swinging
Batting: LHB Ben Radach 0-0: Ball
1-0: Ball
2-0: Ball
3-0: Base on Balls
Brandon Davis scores
Lupe Covarrubias to third
Jesse White to second
Batting: RHB Salvador Caldera 0-0: Ball
Wild Pitch!
Lupe Covarrubias scores
Jesse White to third
Ben Radach to second
1-0: DOUBLE (Line Drive, 78D, EV 107.5 MPH)
Jesse White scores
Ben Radach scores
Batting: RHB Rafael Medina 0-0: Swinging Strike
0-1: Called Strike
0-2: Ball
1-2: Ball
2-2: Ball
3-2: Base on Balls
Batting: RHB Jose Guerrero 0-0: Ball
1-0: Called Strike
1-1: Swinging Strike
1-2: Ball
2-2: DOUBLE (Line Drive, 9LM, EV 108.8 MPH)
Salvador Caldera scores
Rafael Medina to third
Runner from 3rd tries for Home, SAFE, throw by RF to trailing runner, OUT at third! 9-3-5
Top of the 1st over - 6 runs, 3 hits, 0 errors, 0 left on base; Spokane 6 - Everett 0
BOTTOM OF THE 1ST
Everett AquaSox batting - Pitching for Spokane Indians : RHP Bill Tindall
Pitching: RHP Bill Tindall
Batting: SHB Detlef Oursler 0-0: Called Strike
0-1: Hit by Pitch
Batting: LHB Jawad Fahad 0-0: Foul Ball, location: 2F
0-1: Ball
1-1: Called Strike
1-2: Ball
2-2: Fly out, F9 (Line Drive, 9, EV 105.0 MPH)
Batting: LHB Ryan Lowe 0-0: Ball
Detlef Oursler steals 2nd base (no throw)
1-0: Fly out, F6 (Popup, 15, EV 86.9 MPH)
Batting: LHB Jason Hopkins 0-0: Ball
1-0: Ground out U3 (Groundball, 3L, EV 85.6 MPH)
Bottom of the 1st over - 0 runs, 0 hits, 0 errors, 1 left on base; Spokane 6 - Everett 0
TOP OF THE 2ND
Spokane Indians batting - Pitching for Everett AquaSox : LHP Aidan Smith
Batting: RHB Brandon Davis 0-0: Ball
1-0: Foul Ball, location: 2F
1-1: Swinging Strike
1-2: Ball
2-2: Ball
3-2: Foul Ball, location: 2F
3-2: Strikes out swinging
Batting: RHB Lupe Covarrubias 0-0: Called Strike
0-1: Foul Ball, location: 2F
0-2: Foul Ball, location: 2F
0-2: Strikes out looking
Batting: RHB Jesse White 0-0: Ball
1-0: Ball
2-0: Called Strike
2-1: Ball
3-1: Base on Balls
Pitching: RHP Robby Reyna
Batting: RHB Justin Aslinger 0-0: Ball
1-0: Ball
2-0: Ball
3-0: Base on Balls
Jesse White to second
Batting: RHB Matt Strong 0-0: Ball
1-0: Ball
2-0: Ball
3-0: Called Strike
3-1: Base on Balls
Jesse White to third
Justin Aslinger to second
Batting: LHB Ben Radach 0-0: Ball
1-0: SINGLE (Line Drive, 7S, EV 106.2 MPH)
Jesse White scores
Justin Aslinger to third
Matt Strong to second
Batting: RHB Salvador Caldera 0-0: Ball
1-0: Ball
2-0: Ball
3-0: Base on Balls
Justin Aslinger scores
Matt Strong to third
Ben Radach to second
Batting: RHB Rafael Medina 0-0: Swinging Strike
0-1: Ball
1-1: Fielders Choice at 2nd, 5-4 (Groundball, 56, EV 82.5 MPH)
Top of the 2nd over - 2 runs, 1 hit, 0 errors, 3 left on base; Spokane 8 - Everett 0
BOTTOM OF THE 2ND
Everett AquaSox batting - Pitching for Spokane Indians : RHP Bill Tindall
Batting: RHB Hideo Okimura 0-0: Ball
1-0: Ball
2-0: Foul Ball, location: 2F
2-1: Foul Ball, location: 2F
2-2: Foul Ball, location: 2F
2-2: Foul Ball, location: 2F
2-2: Ball
3-2: Base on Balls
Batting: LHB Omar Colunga 0-0: Fly out, F8 (Flyball, 8RM, EV 88.1 MPH)
Batting: RHB Salvador Avina 0-0: Ball
1-0: Swinging Strike
1-1: Ball
2-1: Fly out, F8 (Flyball, 8LD, EV 103.1 MPH)
Batting: LHB Leão Alvide 0-0: Ball
1-0: Ground out 4-3 (Groundball, 34, EV 82.5 MPH)
Bottom of the 2nd over - 0 runs, 0 hits, 0 errors, 1 left on base; Spokane 8 - Everett 0
TOP OF THE 3RD
Spokane Indians batting - Pitching for Everett AquaSox : RHP Robby Reyna
Batting: RHB Jose Guerrero 0-0: Swinging Strike
0-1: SINGLE (Line Drive, 4MD, EV 99.4 MPH)
Batting: RHB Brandon Davis 0-0: Foul Ball, location: 2F
0-1: Ball
1-1: Swinging Strike
1-2: Foul Ball, location: 2F
1-2: Ball
2-2: Foul Ball, location: 2F
2-2: Strikes out swinging
Batting: RHB Lupe Covarrubias 0-0: Called Strike
0-1: Foul Ball, location: 2F
0-2: Ball
1-2: 2-RUN HOME RUN (Flyball, 9D, EV 94.4 MPH), Distance : 359 ft
Batting: RHB Jesse White 0-0: Called Strike
0-1: Foul Ball, location: 2F
0-2: Ball
1-2: Ball
2-2: Ground out 5-3 (Groundball, 56S, EV 91.2 MPH)
Batting: RHB Justin Aslinger 0-0: Called Strike
0-1: Ground out 4-3 (Groundball, 4, EV 90.0 MPH)
Top of the 3rd over - 2 runs, 2 hits, 0 errors, 0 left on base; Spokane 10 - Everett 0
BOTTOM OF THE 3RD
Everett AquaSox batting - Pitching for Spokane Indians : RHP Bill Tindall
Batting: SHB Victor Rijos 0-0: Ball
1-0: Ball
2-0: Fly out, F9 (Flyball, 9S, EV 79.4 MPH)
Batting: SHB Detlef Oursler 0-0: Called Strike
0-1: Ground out U3 (Groundball, 34S, EV 90.6 MPH)
Batting: LHB Jawad Fahad 0-0: Ground out 4-3 (Groundball, 4, EV 101.2 MPH)
Bottom of the 3rd over - 0 runs, 0 hits, 0 errors, 0 left on base; Spokane 10 - Everett 0
TOP OF THE 4TH
Spokane Indians batting - Pitching for Everett AquaSox : RHP Robby Reyna
Batting: RHB Matt Strong 0-0: Called Strike
0-1: Called Strike
0-2: Ground out 3-1 (Groundball, 34, EV 86.9 MPH)
Batting: LHB Ben Radach 0-0: Fly out, F7 (Flyball, 7S, EV 84.4 MPH)
Batting: RHB Salvador Caldera 0-0: Fly out, F9 (Flyball, 9S, EV 82.5 MPH)
Top of the 4th over - 0 runs, 0 hits, 0 errors, 0 left on base; Spokane 10 - Everett 0
BOTTOM OF THE 4TH
Everett AquaSox batting - Pitching for Spokane Indians : RHP Bill Tindall
Batting: LHB Ryan Lowe 0-0: Ball
1-0: Foul Ball, location: 2F
1-1: Ball
2-1: Foul Ball, location: 2F
2-2: Fly out, F8 (Flyball, 8LS, EV 83.8 MPH)
Batting: LHB Jason Hopkins 0-0: Ball
1-0: SINGLE (Groundball, 4MD, EV 103.1 MPH)
Batting: RHB Hideo Okimura 0-0: Ball
Jason Hopkins steals 2nd base (no throw)
1-0: DOUBLE (Flyball, 78D, EV 106.2 MPH)
Jason Hopkins scores
Batting: LHB Omar Colunga 0-0: Ball
1-0: Foul Ball, location: 2F
1-1: Ball
2-1: Swinging Strike
2-2: Ball
3-2: Strikes out swinging
Batting: RHB Salvador Avina 0-0: Called Strike
0-1: Ground out 4-3 (Groundball, 4, EV 91.9 MPH)
Bottom of the 4th over - 1 run, 2 hits, 0 errors, 1 left on base; Spokane 10 - Everett 1
TOP OF THE 5TH
Spokane Indians batting - Pitching for Everett AquaSox : RHP Robby Reyna
Pinch Hitting: LHB Alex Ramos 0-0: Ball
1-0: Ball
2-0: Ball
3-0: Ground out 4-3 (Groundball, 4, EV 91.2 MPH)
Batting: RHB Jose Guerrero 0-0: Ball
1-0: Swinging Strike
1-1: Foul Ball, location: 2F
1-2: Fly out, F4 (Line Drive, 4, EV 63.1 MPH)
Batting: RHB Brandon Davis 0-0: Foul Ball, location: 2F
0-1: Called Strike
0-2: Ball
1-2: Ball
2-2: Foul Ball, location: 2F
2-2: SINGLE (Groundball, 56S, EV 73.1 MPH) (infield hit)
Batting: RHB Lupe Covarrubias 0-0: Ball
1-0: 2-RUN HOME RUN (Flyball, 78XD, EV 99.4 MPH), Distance : 400 ft
Pitching: RHP Jose Acevedo
Batting: RHB Jesse White 0-0: Ball
1-0: Ground out 6-3 (Groundball, 6MS, EV 87.5 MPH)
Top of the 5th over - 2 runs, 2 hits, 0 errors, 0 left on base; Spokane 12 - Everett 1
BOTTOM OF THE 5TH
Everett AquaSox batting - Pitching for Spokane Indians : RHP Bill Tindall
Now at 2B: Alex Ramos
Batting: LHB Leão Alvide 0-0: Foul Ball, location: 2F
0-1: SINGLE (Flyball, 4D, EV 89.4 MPH)
Batting: SHB Victor Rijos 0-0: Ball
1-0: Ball
2-0: Foul Ball, location: 2F
2-1: Fielders Choice at 2nd, 4-6 (Groundball, 34, EV 99.4 MPH)
Batting: SHB Detlef Oursler 0-0: Ball
1-0: Ball
2-0: Swinging Strike
2-1: Ball
3-1: Base on Balls
Victor Rijos to second
Batting: LHB Jawad Fahad 0-0: Ball
1-0: Ball
2-0: Called Strike
2-1: Foul Ball, location: 2F
2-2: Foul Ball, location: 2F
2-2: Strikes out swinging
Batting: LHB Ryan Lowe 0-0: Ball
1-0: Called Strike
1-1: Ball
2-1: Fly out, F8 (Flyball, 8RS, EV 91.9 MPH)
Bottom of the 5th over - 0 runs, 1 hit, 0 errors, 2 left on base; Spokane 12 - Everett 1
TOP OF THE 6TH
Spokane Indians batting - Pitching for Everett AquaSox : RHP Jose Acevedo
Pinch Hitting: LHB Alfonso Collazo 0-0: Ball
1-0: Called Strike
1-1: Called Strike
1-2: Strikes out swinging
Batting: RHB Matt Strong 0-0: Ball
1-0: Ball
2-0: Ball
3-0: Base on Balls
Batting: LHB Ben Radach 0-0: Foul Ball, location: 2F
0-1: Ball
1-1: Swinging Strike
1-2: Strikes out swinging
Batting: RHB Salvador Caldera 0-0: Ball
1-0: Swinging Strike
1-1: Fielders Choice at 2nd, 6-4 (Groundball, 6, EV 83.8 MPH)
Top of the 6th over - 0 runs, 0 hits, 0 errors, 1 left on base; Spokane 12 - Everett 1
BOTTOM OF THE 6TH
Everett AquaSox batting - Pitching for Spokane Indians : RHP Bill Tindall
Now at 3B: Lorenzo Rubio
Batting: LHB Jason Hopkins 0-0: Ball
1-0: Ball
2-0: Foul Ball, location: 2F
2-1: Ball
3-1: Called Strike
3-2: Strikes out swinging
Batting: RHB Hideo Okimura 0-0: Called Strike
0-1: Swinging Strike
0-2: Ball
1-2: SINGLE (Flyball, 3D, EV 97.5 MPH)
Batting: LHB Omar Colunga 0-0: Called Strike
0-1: Ball
1-1: Ball
2-1: Swinging Strike
2-2: Strikes out swinging
Batting: RHB Salvador Avina 0-0: Ball
1-0: DOUBLE (Line Drive, 89XD, EV 102.5 MPH)
Hideo Okimura to third
Batting: LHB Leão Alvide 0-0: Called Strike
0-1: Called Strike
0-2: Strikes out looking
Bottom of the 6th over - 0 runs, 2 hits, 0 errors, 2 left on base; Spokane 12 - Everett 1
TOP OF THE 7TH
Spokane Indians batting - Pitching for Everett AquaSox : RHP Jose Acevedo
Pinch Hitting: RHB Jose Sisneros 0-0: Ball
1-0: Ball
2-0: Called Strike
2-1: Swinging Strike
2-2: Strikes out swinging
Pinch Hitting: RHB Korekiyo Watanabe 0-0: Called Strike
0-1: Swinging Strike
0-2: Ball
1-2: Foul Ball, location: 2F
1-2: Ball
2-2: Fly out, F8 (Flyball, 8LD, EV 100.6 MPH)
Pinch Hitting: SHB Harrison McLaughlin 0-0: Ground out U3 (Groundball, 34, EV 79.4 MPH)
Top of the 7th over - 0 runs, 0 hits, 0 errors, 0 left on base; Spokane 12 - Everett 1
BOTTOM OF THE 7TH
Everett AquaSox batting - Pitching for Spokane Indians : RHP Bill Tindall
Now at 2B: Knud Prins
Now at SS: Jose Sisneros
Now in LF: Matt Strong
Now in CF: Salvador Caldera
Now in RF: Harrison McLaughlin
Batting: SHB Victor Rijos 0-0: Ball
1-0: Swinging Strike
1-1: Foul Ball, location: 2F
1-2: Ball
2-2: Ball
3-2: Base on Balls
Pinch Hitting: RHB Tze-meng Li 0-0: TRIPLE (Line Drive, 8RXD, EV 100.0 MPH)
Victor Rijos scores
Batting: LHB Jawad Fahad 0-0: Called Strike
0-1: Ball
1-1: Foul Ball, location: 2F
1-2: SINGLE (Groundball, 56S, EV 68.1 MPH) (infield hit)
Tze-meng Li scores
Pitching: LHP Tim McConnel
Batting: LHB Ryan Lowe 0-0: Foul Ball, location: 2F
0-1: Ball
1-1: Ball
2-1: Swinging Strike
2-2: Ball
3-2: DOUBLE (Flyball, 78XD, EV 97.5 MPH)
Jawad Fahad to third
Jawad Fahad scores
Batting: LHB Jason Hopkins 0-0: SINGLE (Groundball, 34S, EV 97.5 MPH)
Ryan Lowe to third
Batting: RHB Hideo Okimura 0-0: Ball
1-0: Foul Ball, location: 2F
1-1: Called Strike
1-2: Ball
2-2: Foul Ball, location: 2F
2-2: Ball
3-2: Strikes out looking
Batting: LHB Omar Colunga 0-0: Called Strike
0-1: Fly out, F4 (Line Drive, 4, EV 70.0 MPH)
Batting: RHB Salvador Avina 0-0: Called Strike
0-1: Called Strike
0-2: Ball
1-2: Ball
2-2: Foul Ball, location: 2F
2-2: Strikes out swinging
Bottom of the 7th over - 3 runs, 4 hits, 0 errors, 2 left on base; Spokane 12 - Everett 4
TOP OF THE 8TH
Spokane Indians batting - Pitching for Everett AquaSox : RHP Jose Acevedo
Now at 2B: Tze-meng Li
Now at SS: Victor Rijos
Pinch Hitting: RHB Bill O'Neal 0-0: Foul Ball, location: 2F
0-1: Called Strike
0-2: Ball
1-2: SINGLE (Groundball, 56D, EV 99.4 MPH)
Pitching: RHP In Bea
Pinch Hitting: RHB Robby Adair 0-0: Fly out, F9 (Flyball, 9, EV 90.6 MPH)
Batting: SHB Lorenzo Rubio 0-0: SINGLE (Groundball, 34D, EV 106.2 MPH)
Bill O'Neal to second
Pinch Hitting: SHB Hatsuo Miura 0-0: Called Strike
0-1: Ball
1-1: Foul Ball, location: 2F
1-2: Ball
2-2: Foul Ball, location: 2F
2-2: Foul Ball, location: 2F
2-2: Strikes out swinging
Batting: LHB Ben Radach 0-0: Ball
1-0: Ball
2-0: Swinging Strike
2-1: Ball
3-1: Base on Balls
Bill O'Neal to third
Lorenzo Rubio to second
Batting: RHB Salvador Caldera 0-0: Swinging Strike
0-1: Ball
1-1: Ball
2-1: Ball
3-1: Base on Balls
Bill O'Neal scores
Lorenzo Rubio to third
Ben Radach to second
Pinch Hitting: LHB William Hanley 0-0: Ball
1-0: Called Strike
1-1: Called Strike
1-2: Ball
2-2: Fly out, F7 (Flyball, 7, EV 87.5 MPH)
Top of the 8th over - 1 run, 2 hits, 0 errors, 3 left on base; Spokane 13 - Everett 4
BOTTOM OF THE 8TH
Everett AquaSox batting - Pitching for Spokane Indians : LHP Tim McConnel
Now at C: Guo-ning Ren
Now at 1B: Tony Mendez
Now at 3B: Robby Adair
Now at SS: Lorenzo Rubio
Now in LF: Hatsuo Miura
Batting: LHB Leão Alvide 0-0: Ball
1-0: Fly out, F6 (Flyball, 6D, EV 95.6 MPH)
Batting: SHB Victor Rijos 0-0: Ball
1-0: Ball
2-0: Ball
3-0: Called Strike
3-1: DOUBLE (Line Drive, 7LD, EV 111.2 MPH)
Batting: RHB Tze-meng Li 0-0: Called Strike
0-1: Fly out, F8 (Flyball, 78M, EV 87.5 MPH)
Batting: LHB Jawad Fahad 0-0: Ball
1-0: Ball
2-0: Swinging Strike
2-1: Foul Ball, location: 2F
2-2: Ground out 5-3 (Groundball, 56, EV 81.2 MPH)
Bottom of the 8th over - 0 runs, 1 hit, 0 errors, 1 left on base; Spokane 13 - Everett 4
TOP OF THE 9TH
Spokane Indians batting - Pitching for Everett AquaSox : RHP In Bea
Pinch Hitting: LHB Gabriel Graves 0-0: SINGLE (Line Drive, 4MD, EV 95.0 MPH)
Batting: SHB Harrison McLaughlin 0-0: Fielders Choice at 2nd, 6-4 (Groundball, 6MS, EV 91.2 MPH)
Pinch Hitting: RHB Tim Seggerman 0-0: Foul Ball, location: 2F
0-1: Ball
1-1: Foul Ball, location: 2F
1-2: Ball
2-2: Foul Ball, location: 2F
2-2: DOUBLE (Line Drive, 78XD, EV 105.0 MPH)
Harrison McLaughlin to third
Pitching: RHP Matt Crone
Batting: RHB Robby Adair 0-0: Ground out 3-1 (Groundball, 34S, EV 73.8 MPH)
Harrison McLaughlin scores
Tim Seggerman to third
Batting: SHB Lorenzo Rubio 0-0: Ball
1-0: Ground out 4-3 (Groundball, 4, EV 90.6 MPH)
Top of the 9th over - 1 run, 2 hits, 0 errors, 1 left on base; Spokane 14 - Everett 4
BOTTOM OF THE 9TH
Everett AquaSox batting - Pitching for Spokane Indians : LHP Tim McConnel
Now at 1B: Roger Renteria
Now at 2B: Tim Seggerman
Batting: LHB Ryan Lowe 0-0: Called Strike
0-1: Fly out, F8 (Line Drive, 8LD, EV 98.8 MPH)
Batting: LHB Jason Hopkins 0-0: Ball
1-0: Called Strike
1-1: Ball
2-1: Foul Ball, location: 2F
2-2: Strikes out swinging
Batting: RHB Hideo Okimura 0-0: Foul Ball, location: 2F
0-1: Ball
1-1: Called Strike
1-2: Ball
2-2: Ball
3-2: SINGLE (Groundball, 56D, EV 106.9 MPH)
Batting: LHB Omar Colunga 0-0: Ball
1-0: Ground out U3 (Groundball, 3, EV 80.0 MPH)
Bottom of the 9th over - 0 runs, 1 hit, 0 errors, 1 left on base; Spokane 14 - Everett 4
Wednesday, June 22nd , 2022 - OOTP Baseball 23.4 Build 64